 Dungeon Crawl Stone Soup version 0.21.0-37-g46506fa (webtiles) character file.

3024 roguesci the Changer (level 9, -2/62 HPs)
             Began as an Octopode Transmuter on Jan 30, 2018.
             Was a Follower of Cheibriados.
             Slain by a hornet (9 damage)
             ... while paralysed by a hornet
             ... on level 8 of the Dungeon on Jan 31, 2018.
             The game lasted 00:34:14 (10263 turns).

roguesci the Changer (Octopode Transmuter)         Turns: 10263, Time: 00:34:19

Health: -2/62      AC:  2    Str: 12    XL:     9   Next: 85%
Magic:  17/17      EV:  5    Int: 21    God:    Cheibriados [*.....]
Gold:   502        SH:  0    Dex: 21    Spells: 15/19 levels left

rFire    + . .     SeeInvis .     - Unarmed
rCold    . . .     Gourm    .   (shield currently unavailable)
rNeg     . . .     Faith    .   (helmet currently unavailable)
rPois    .         Spirit   .   (no amulet)
rElec    .         Reflect  .   e - ring of poison resistance
rCorr    .         Harm     .   n - ring of protection from fire
MR       .....                  (no ring)
Stlth    ++........             (no ring)
HPRegen  0.20/turn              (no ring)
MPRegen  0.15/turn              (no ring)
                                (no ring)
                                (no ring)

@: confused, paralysed, lethally poisoned (-2 -> -6), spider-form, very slow
A: tiny, almost no armour, stealthy swim, (amphibious), 8 rings, (constrict 8)
a: End Transformation, Bend Time, Renounce Religion


You were on level 8 of the Dungeon.
You worshipped Cheibriados.
Cheibriados was aware of your devotion.
You were not hungry.
You were a venomous arachnid creature.
You visited 2 branches of the dungeon, and saw 9 of its levels.
You also visited: Ossuary.

You collected 502 gold pieces.

Inventory:

Hand Weapons
 s - a +2 spear of pain (melded)
 v - a cursed -1 dagger
 w - a cursed -2 dagger
 G - a cursed -1 mace
Missiles
 d - 157 stones (quivered)
 o - 2 throwing nets
Jewellery
 e - a ring of poison resistance (left front leg)
 n - a ring of protection from fire (right front leg)
 E - an uncursed ring of see invisible
Wands
 g - a wand of acid (3)
 x - a wand of enslavement (14)
 y - a wand of polymorph (11)
 A - a wand of disintegration (17)
Scrolls
 f - 3 scrolls of magic mapping
 h - 3 scrolls of enchant weapon {unknown}
 i - a scroll of noise {unknown}
 j - 2 scrolls of fear {unknown}
 k - 3 scrolls of identify
 l - a scroll of enchant armour {unknown}
 m - 10 scrolls of remove curse
 p - 2 scrolls of fog
 q - 6 scrolls of teleportation {unknown}
 r - a scroll of immolation {unknown}
 B - a scroll of acquirement {unknown}
Potions
 u - a potion of magic {unknown}
 z - a potion of heal wounds {unknown}
 C - a potion of agility
 D - a potion of mutation
 H - a potion of brilliance {unknown}
Books
 b - a book of Changes

   Spells                             Type                      Level
   a - Beastly Appendage              Transmutation                1
   b - Sticks to Snakes               Transmutation                2
   c - Spider Form                    Transmutation/Poison         3
   d - Ice Form                       Ice/Transmutation            4
   e - Blade Hands                    Transmutation                5
Comestibles
 c - 10 rations
 F - 9 chunks of flesh


   Skills:
 * Level 5.7 Fighting
 + Level 4.7 Dodging
 + Level 6.0 Stealth
 + Level 5.2 Unarmed Combat
 * Level 5.9 Spellcasting
 * Level 6.2 Transmutations
 - Level 4.3 Poison Magic


You had 15 spell levels left.
You knew the following spells:

 Your Spells              Type           Power        Failure   Level  Hunger
a - Beastly Appendage     Tmut           ####..       4%          1    None
b - Spider Form           Tmut/Pois      ####......   11%         3    ##.....


Dungeon Overview and Level Annotations

Branches:
Dungeon (8/15)             Temple (1/1) D:6
   Lair: D:8-11

Altars:
Cheibriados
Dithmenos
Elyvilon
Nemelex Xobeh
Ru
Sif Muna
Vehumet
The Shining One

Shops:
D:4 =

Annotations:
D:6 HedoNNN's ghost, novice HOFi; Prince Ribbit


Innate Abilities, Weirdness & Mutations

You cannot wear most types of armour.
You are very stealthy in the water. (Stealth+)
((You are amphibious.))
You can wear up to eight rings at the same time.
((You can use your tentacles to constrict eight enemies at once.))
((Your skin changes colour to match your surroundings (Stealth+).))
((Your rubbery body absorbs attacks. (AC +1, EV +1)))


Message History

The hornet closely misses you.
You feel sick. The hornet stings you!
* * * LOW HITPOINT WARNING * * *
You are lethally poisoned!
You feel yourself slow down.
There is a stone staircase leading up here.
You see here an arrow.
You feel better. The hornet misses you. The hornet stings you.
* * * LOW HITPOINT WARNING * * *
You are poisoned.
You feel as though you will be slow longer.
The hornet closely misses you.
It was a potion of ambrosia.
You are confused.
You feel invigorated.
You feel yourself speed up.
You feel sick. The hornet stings you!
* * * LOW HITPOINT WARNING * * *
You suddenly lose the ability to move!
The hornet stings you!
You die...

#.......... #..........
########## #.........#
.........#####......#..#
....................# .#
....................# #
....................#
...............#+#####
............(.Zys....#
.........##.(..#####.#
.........##.(..#####.#
###########..........#
#....####### ### #....#
#<# #....####### #.#
#..........# #.#
###.######.# #.#


You could see a hornet and a hound zombie.

Vanquished Creatures
  Pikel (Temple)
  Grinder (D:4)
  A hippogriff (D:8)
  Sigmund (D:4)
  Menkaure (Ossuary)
  2 orc warriors
  A slave (Temple)
  4 phantoms
  2 ogres
  A centaur (D:8)
  2 bullfrogs
  2 scorpions
  A water moccasin skeleton (D:7)
  2 howler monkeys (D:8)
  2 crimson imps
  A bullfrog zombie (D:6)
  5 orc priests
  4 orc wizards
  Crazy Yiuf (D:4)
  An iguana (D:4)
  A worker ant (D:3)
  A hound zombie (D:7)
  3 mummies (Ossuary)
  10 gnolls
  8 adders
  A shadow imp (D:8)
  An adder skeleton (D:4)
  2 worms (D:2)
  A dart slug (D:1)
  5 leopard geckos
  31 orcs
  2 ball pythons
  9 giant cockroaches
  11 goblins
  6 hobgoblins
  15 jackals
  3 quokkas
  8 bats
  6 frilled lizards
  A giant cockroach zombie (D:5)
  5 gnoll skeletons (Ossuary)
  3 gnoll zombies (Ossuary)
  A goblin skeleton (Ossuary)
  4 goblin zombies (Ossuary)
  4 kobolds (D:3)
  3 kobold zombies
  An orc skeleton (Ossuary)
  2 orc zombies (Ossuary)
  9 rats
  A rat skeleton (Ossuary)
  3 rat zombies (Ossuary)
197 creatures vanquished.

Vanquished Creatures (others)
  2 slaves (D:6)
  An adder zombie (D:6)
  An orc (D:6)
  2 gnoll zombies (Ossuary)
  2 gnoll skeletons (Ossuary)
  2 goblin skeletons (Ossuary)
  A goblin zombie (Ossuary)
  2 hobgoblin skeletons (Ossuary)
  2 hobgoblin zombies (Ossuary)
  3 kobold skeletons (Ossuary)
  3 kobold zombies (Ossuary)
  3 orc skeletons (Ossuary)
  5 rat skeletons (Ossuary)
  3 rat zombies (Ossuary)
32 creatures vanquished.

Grand Total: 229 creatures vanquished

Notes
Turn   | Place    | Note
-------+----------+-------------------------------------------
     0 | D:1      | roguesci the Octopode Transmuter began the quest for the Orb.
     0 | D:1      | Reached XP level 1. HP: 13/13 MP: 3/3
    27 | D:1      | Reached XP level 2. HP: 18/18 MP: 3/5
   426 | D:1      | Reached skill level 1 in Stealth
   502 | D:2      | Reached XP level 3. HP: 23/23 MP: 4/6
   614 | D:1      | Learned a level 3 spell: Spider Form
   987 | D:2      | Reached skill level 1 in Poison Magic
   987 | D:2      | Reached XP level 4. HP: 21/28 MP: 1/7
  1889 | D:3      | Reached XP level 5. HP: 31/33 MP: 2/9
  3180 | D:4      | Reached XP level 6. HP: 23/39 MP: 6/10
  3346 | D:4      | Found a sand-covered staircase.
  3360 | Ossuary  | Entered an ossuary
  3792 | Ossuary  | Noticed Menkaure
  3846 | Ossuary  | Killed Menkaure
  4414 | D:4      | Found Ypaixkog's Jewellery Shop.
  4417 | D:4      | Noticed Grinder
  4435 | D:4      | Paralysed by Grinder for 2 turns
  4445 | D:4      | Killed Grinder
  4445 | D:4      | Reached XP level 7. HP: 32/45 MP: 12/12
  5636 | D:4      | Noticed Sigmund
  5648 | D:4      | Killed Sigmund
  5648 | D:4      | Reached XP level 8. HP: 49/52 MP: 11/14
  5797 | D:4      | Found a runed door.
  5801 | D:4      | Noticed Crazy Yiuf
  5808 | D:4      | Killed Crazy Yiuf
  5942 | D:5      | Entered Level 5 of the Dungeon
  6776 | D:6      | Found a staircase to the Ecumenical Temple.
  6907 | Temple   | Entered the Ecumenical Temple
  6974 | Temple   | Became a worshipper of Cheibriados the Contemplative
  7204 | D:6      | Noticed Pikel
  7294 | Temple   | Killed Pikel
  7294 | Temple   | Reached skill level 5 in Stealth
  7294 | Temple   | Reached skill level 5 in Spellcasting
  7294 | Temple   | Reached skill level 5 in Transmutations
  7294 | Temple   | Reached XP level 9. HP: 35/59 MP: 14/16
  8152 | D:6      | Noticed HedoNNN's ghost (novice HOFi)
  8154 | D:6      | Noticed Prince Ribbit
  8741 | D:6      | Reached skill level 5 in Fighting
  9027 | D:7      | Reached * piety under Cheibriados
  9434 | D:7      | Reached skill level 5 in Unarmed Combat
 10246 | D:8      | Noticed a hornet
 10251 | D:8      | Paralysed by a hornet for 2 turns
 10263 | D:8      | Paralysed by a hornet for 2 turns
 10263 | D:8      | Slain by a hornet

Skill      XL: |  1  2  3  4  5  6  7  8  9 |
---------------+----------------------------+-----
Stealth        | 1 2 3 5 6 |  6.0
Poison Magic   | 1 2 3 4 |  4.3
Spellcasting   | 3 4 5 |  5.9
Transmutations | 3 4 5 6 |  6.2
Fighting       | 2 3 4 5 |  5.7
Dodging        | 3 4 |  4.7
Unarmed Combat | 4 5 |  5.2

Action                   |  1- 3 |  4- 6 |  7- 9 || total
-------------------------+-------+-------+-------++-------
Melee: Unarmed           |    79 |   173 |   248 ||   500
       Constrict         |    15 |    18 |    24 ||    57
       Kick              |     7 |       |       ||     7
       Tentacles         |     6 |    14 |    28 ||    48
       Spear             |       |    52 |   124 ||   176
       Punch             |       |     2 |     5 ||     7
Throw: Stone             |       |     7 |     2 ||     9
 Cast: Beastly Appendage |     3 |       |       ||     3
       Spider Form       |     4 |    21 |    32 ||    57
Invok: Bend Time         |       |       |     1 ||     1
 Abil: End Transformatio |       |     1 |       ||     1
  Use: Potion            |     1 |     4 |     4 ||     9
       Scroll            |       |     3 |     5 ||     8
 Stab: Sleeping          |     4 |    10 |    10 ||    24
  Eat: Chunk             |     1 |    10 |     9 ||    20
       Ration            |       |     1 |     3 ||     4
Armor: Skin              |     6 |     9 |    14 ||    29
Dodge: Dodged            |    52 |   143 |   269 ||   464
